 Dungeon Crawl Stone Soup version 0.28.0-53-g5a82cb258f (webtiles) character file.

Game seed: 7791979440108211277

6537 Duralumin the Severer (level 11, -4/75 HPs)
             Began as a Formicid Fighter on June 14, 2022.
             Was an Elder of Okawaru.
             Slain by a komodo dragon (19 damage)
             ... on level 1 of the Lair of Beasts.
             The game lasted 00:32:43 (8351 turns).

Duralumin the Severer (Formicid Fighter)            Turns: 8351, Time: 00:32:43

Health: -4/75      AC: 15    Str: 26    XL:     11   Next: 20%
Magic:  14/14      EV: 10    Int:  9    God:    Okawaru [****..]
Gold:   267        SH:  0    Dex: 16    Spells: 10/10 levels left

rFire   . . .      SeeInvis +   a - +2 war axe (flame)
rCold   . . .      Faith    .   c - +0 buckler
rNeg    . . .      Spirit   .   y - +0 chain mail
rPois   .          Reflect  .   (helmet unavailable)
rElec   .          Harm     .   (no cloak)
rCorr   .          Rampage  .   (no gloves)
Will    +....                   (no boots)
Stlth   ..........              H - amulet of the acrobat
HPRegen 0.22/turn               k - +4 ring of protection
MPRegen 0.14/turn               m - +6 ring of dexterity

@: confused, heroic, ambrosia-drunk
A: permanent stasis, dig shafts and tunnels, antennae 3, four strong arms,
strong 1
a: Dig, Shaft Self, Renounce Religion, Heroism, Finesse


You were on level 1 of the Lair of Beasts.
You worshipped Okawaru.
Okawaru was greatly pleased with you.
You visited 3 branches of the dungeon, and saw 10 of its levels.

You collected 621 gold pieces.
You spent 354 gold pieces at shops.

Inventory:

Hand Weapons
 a - a +2 war axe of flaming (weapon)
 o - a +0 flail of protection
 E - a +3 battleaxe
Missiles
 f - 135 stones
 g - 42 bolts
 q - a poisoned dart (quivered)
Armour
 b - a +0 scale mail
 c - a +0 buckler (worn)
 y - a +0 chain mail (worn)
Jewellery
 k - a +4 ring of protection (left hand)
 m - a +6 ring of dexterity (right hand)
 H - an amulet of the acrobat (around neck)
Wands
 l - a wand of digging (4)
 u - a wand of polymorph (4)
 v - a wand of flame (28)
 A - a wand of paralysis (13)
 D - a wand of iceblast (7)
Scrolls
 i - 2 scrolls of immolation
 s - a scroll of noise {unknown}
 B - a scroll of magic mapping {unknown}
 C - a scroll of fear
 G - a scroll of blinking {unknown}
Potions
 d - a potion of might
 e - 3 potions of mutation
 n - 2 potions of curing
 p - 5 potions of ambrosia
 t - 2 potions of flight
 w - a potion of attraction
 z - 3 potions of degeneration {unknown}
 I - a potion of magic {unknown}


   Skills:
 - Level 3.4(8.4) Fighting
 + Level 15.5(20.5) Axes
 - Level 3.4(8.4) Armour
 - Level 3.7(8.7) Shields
 - Level 5.0 Invocations


You had 10 spell levels left.
You didn't know any spells.
Your spell library contained the following spells:

 Spells                   Type           Power      Damage    Failure   Level
 Apportation              Tloc           0%         N/A       94%         1
 Ensorcelled Hibernation  Hex/Ice        0%         N/A       98%         2
 Static Discharge         Conj/Air       0%         N/A       98%         2
 Conjure Flame            Conj/Fire      0%         6-21      100%        3
 Ignite Poison            Fire/Tmut/Pois 0%         N/A       100%        3
 Spider Form              Tmut/Pois      0%         N/A       100%        3
 Anguish                  Hex/Necr       0%         N/A       100%        4
 Sticky Flame             Conj/Fire      0%         2d3       100%        4
 Lightning Bolt           Conj/Air       0%         1d11      100%        5
 Maxwell's Capacitive Co  Air            0%         ∞         100%        8
 Animate Skeleton         Necr           Unusable   N/A       N/A         1
 Summon Small Mammal      Summ           Unusable   N/A       N/A         1

Dungeon Overview and Level Annotations

Branches:
Dungeon (8/15)             Temple (1/1) D:5            Lair (1/6) D:8

Altars:
Ashenzari
Elyvilon
Fedhas
Kikubaaqudgha
Makhleb
Nemelex Xobeh
Okawaru
Ru
Sif Muna
Trog
Uskayaw
Vehumet
Xom
Yredelemnul
Zin

Shops:
D:6 *


Innate Abilities, Weirdness & Mutations

You cannot be hasted, slowed, berserked, paralysed or teleported.
You can dig through walls and to a lower floor.
You have a pair of large antennae on your head. (SInv)
Your four strong arms can wield two-handed weapons with a shield.
Your muscles are strong. (Str +2)


Message History

The polar bear is severely wounded.
The polar bear goes berserk!
You hit the polar bear. You burn the polar bear.
The polar bear is almost dead.
You hit the polar bear. You burn the polar bear.
The polar bear bites you but does no damage.
The polar bear claws you but does no damage. x2
The polar bear bites you. You block the polar bear's attack.
The polar bear claws you but does no damage.
You hit the polar bear but do no damage.
The polar bear is almost dead.
You slash the polar bear! You burn the polar bear. The polar bear bites you!
The polar bear closely misses you.
The polar bear claws you but does no damage.
You slash the polar bear! You burn the polar bear.
The polar bear is almost dead.
You slash the polar bear! You burn the polar bear.
You kill the polar bear!
Okawaru accepts your kill. The polar bear closely misses you.
The polar bear claws you but does no damage.
The polar bear claws you.
You slash the polar bear! You burn the polar bear.
You kill the polar bear!
Okawaru accepts your kill.
You hit the komodo dragon but do no damage.
You feel like a meek peon again. The komodo dragon closely misses you.
You gain the combat prowess of a mighty hero.
You block the komodo dragon's attack.
You hit the komodo dragon. You burn the komodo dragon.
The komodo dragon is lightly wounded.
You slash the komodo dragon! You burn the komodo dragon.
The komodo dragon is heavily wounded.
The komodo dragon bites you!!
* * * LOW HITPOINT WARNING * * *
Okay, then.
You are confused.
You feel invigorated. The komodo dragon bites you!!
You die...

#.#..#.....#..≈.^.##.###......
#...(#..#..#..≈≈..#..#......##
##...##.#.....≈≈≈.#.#.........
#...####....#≈≈#.#..#........
..(.# ##....##≈#...##........
##(#.# #.††####≈#.............
#.#.# ##..######...#.........
. ..###
##..#.#..#.....####...# . ..
#...##@.##...###.##.... .##
#..#.l.###......# ###P. ..##
#..#..####...##.# ##P ...#
##..##.###.......# . ...##
#...##..##.......# . ....##
##÷..#.#..<###....# .....##
###.#........=####.#
......###.#.#..........# ...
.###.†††.....................


You could see a komodo dragon.

Vanquished Creatures
  2 cane toads (Lair:1)
  4 polar bears (Lair:1)
  A queen bee (Lair:1)
  2 wyverns (D:8)
  2 basilisks (D:8)
  Menkaure (D:5)
  3 water moccasins
  A sky beast (D:6)
  6 black bears
  An orc warrior (D:7)
  A necrophage (D:6)
  5 ogres
  2 centaurs (D:8)
  3 wolves (D:8)
  6 bullfrogs
  3 scorpions
  A water moccasin skeleton (D:4)
  19 killer bees (Lair:1)
  3 wights (D:8)
  A jelly (D:4)
  2 bullfrog skeletons
  2 hounds
  A centaur skeleton (D:4)
  2 iguanas
  2 orc priests
  8 orc wizards
  A hound skeleton (D:4)
  6 adders
  A shadow imp (D:7)
  A worm (D:3)
  A dart slug (D:1)
  27 orcs
  6 bats
  7 endoplasms
  A giant cockroach (D:4)
  7 hobgoblins
  9 jackals
  6 kobolds
  5 quokkas
  5 ball pythons
  5 frilled lizards
  11 goblins
  3 rats
186 creatures vanquished.

Vanquished Creatures (others)
  A water moccasin (D:8)
  2 fungi
  19 plants
22 creatures vanquished.

Grand Total: 208 creatures vanquished

Notes
Turn   | Place    | Note
-------+----------+-------------------------------------------
     0 | D:1      | Duralumin the Formicid Fighter began the quest for the Orb.
     0 | D:1      | Reached XP level 1. HP: 18/18 MP: 1/1
   127 | D:1      | Reached XP level 2. HP: 23/24 MP: 2/2
   301 | D:1      | You fall into a shaft and drop 1 floor!
   340 | D:1      | Reached XP level 3. HP: 29/29 MP: 3/3
   341 | D:1      | Reached skill level 3 in Axes
   350 | D:1      | Found a faded altar of an unknown god.
  1173 | D:2      | Reached XP level 4. HP: 35/35 MP: 4/4
  1355 | D:2      | Reached skill level 4 in Axes
  1738 | D:3      | Reached XP level 5. HP: 26/41 MP: 5/5
  2277 | D:3      | Reached skill level 5 in Axes
  2690 | D:4      | Reached XP level 6. HP: 47/47 MP: 6/6
  2703 | D:4      | Reached skill level 6 in Axes
  2765 | D:4      | Noticed a black bear
  2774 | D:4      | Killed a black bear
  2778 | D:4      | Reached XP level 7. HP: 46/52 MP: 7/7
  2956 | D:4      | Reached skill level 7 in Axes
  3277 | D:4      | Reached skill level 8 in Axes
  3673 | D:5      | Entered Level 5 of the Dungeon
  3683 | D:5      | Reached XP level 8. HP: 58/58 MP: 8/8
  3791 | D:5      | Reached skill level 9 in Axes
  4154 | D:5      | Found a staircase to the Ecumenical Temple.
  4159 | Temple   | Entered the Ecumenical Temple
  4187 | Temple   | Became a worshipper of Warmaster Okawaru
  4207 | D:5      | Noticed Menkaure
  4220 | D:5      | Killed Menkaure
  4648 | D:6      | Found Qeluosa's Assorted Antiques.
  4702 | D:6      | Bought a scroll labelled BUMIFA YCYET for 24 gold pieces
  4702 | D:6      | Bought a fuming inky potion for 21 gold pieces
  4702 | D:6      | Bought an iron wand for 96 gold pieces
  4702 | D:6      | Bought a forked iron wand for 96 gold pieces
  4702 | D:6      | Bought a potion of might for 96 gold pieces
  4702 | D:6      | Bought an amethyst potion for 21 gold pieces
  5042 | D:6      | Reached skill level 10 in Axes
  5301 | D:6      | Found a burning altar of Makhleb.
  5647 | D:6      | Reached XP level 9. HP: 56/64 MP: 9/9
  5876 | D:7      | Reached * piety under Okawaru
  5877 | D:7      | Reached skill level 11 in Axes
  6572 | D:8      | Found a staircase to the Lair.
  6577 | D:8      | Reached skill level 12 in Axes
  6582 | D:8      | Reached ** piety under Okawaru
  6586 | D:8      | Reached skill level 1 in Invocations
  6588 | D:8      | Reached XP level 10. HP: 50/70 MP: 8/12
  6595 | D:8      | Reached *** piety under Okawaru
  6600 | D:8      | Reached skill level 13 in Axes
  6751 | D:8      | Reached skill level 5 in Invocations
  7278 | Lair:1   | Entered Level 1 of the Lair of Beasts
  7280 | Lair:1   | Noticed a cane toad
  7292 | Lair:1   | Killed a cane toad
  7304 | Lair:1   | HP: 3/70 [poisoned by a cane toad]
  7685 | Lair:1   | Reached skill level 14 in Axes
  7700 | Lair:1   | Reached **** piety under Okawaru
  7918 | Lair:1   | Gained mutation: Your muscles are strong. (Str +2) [potion
                  | of mutation]
  8223 | Lair:1   | Noticed a cane toad
  8240 | Lair:1   | Killed a cane toad
  8241 | Lair:1   | Reached XP level 11. HP: 64/75 MP: 11/14
  8265 | Lair:1   | Reached skill level 15 in Axes
  8351 | Lair:1   | Slain by a komodo dragon

Illustrated notes

Levels and vault maps discovered:
D:1:      lemuel_arrival_tunnels, layout_rooms,
          shapermc_ecumenical_altar_acropolis, nrook_uturn
D:2:      layout_rooms
D:3:      layout_loops_ring, minmay_misc_feat_square
D:4:      layout_loops_ring
D:5:      layout_basic, minmay_temple_entry_nine_rooms, moated_statue,
          uniq_menkaure
D:6:      layout_basic, makhleb_heckhound_becter, serial_shops,
          nicolae_inconvenience_store
D:7:      layout_cave_pools, minmay_misc_feat_enclosed
D:8:      layout_loops_ring, minmay_lair_entry_grove, serial_glass,
          glass_columns_a, glass_columns_b, glass_columns_b, glass_columns_b,
          glass_columns_a, glass_columns_a, glass_columns_b, glass_columns_c,
          glass_columns_a, glass_columns_a
Temple:   compressed_dpeg_circular_temple
Lair:1:   beast_lair_carwin_large_1, layout_misc_corridors, special_room
          [special_room_bee], basic_altar, chequers_serial_rivers_small_3,
          nzn_random_ring

Skill      XL: |  1  2  3  4  5  6  7  8  9 10 11 |
---------------+----------------------------------+-----
Axes           | 3 4 5 6 8 10 12 14 15 | 15.5
Invocations    | 2 5 |  5.0
Fighting       | |  3.4
Armour         | |  3.4
Shields        | |  3.7

Action                   |  1- 3 |  4- 6 |  7- 9 | 10-12 || total
-------------------------+-------+-------+-------+-------++-------
Melee: War axe           |    81 |   133 |   182 |   166 ||   562
Throw: Stone             |       |       |     4 |     1 ||     5
       Dart              |       |       |     3 |     7 ||    10
Invok: Heroism           |       |       |     1 |     8 ||     9
  Use: Scroll            |       |     4 |     4 |     4 ||    12
       Potion            |       |     3 |     2 |     4 ||     9
 Stab: Invisible         |       |     4 |     1 |     3 ||     8
       Petrifying        |       |       |     2 |       ||     2
Armor: Scale mail        |    40 |    38 |    54 |       ||   132
       Chain mail        |       |       |    11 |    94 ||   105
Dodge: Dodged            |    33 |    58 |    63 |    77 ||   231
Block: Buckler           |    25 |    31 |    32 |    43 ||   131
